AoeStats
← martin108

Lombardia

509138746Analyzed
3v3 RM · 8d ago on Sep 25, 2026· 65m 40s· 6 players
Game mode
Random Map
Map size
Normal (6 player)
Population
200
Speed
Normal
Resources
Standard
Victory
Conquest
Starting age
Dark Age
Ending age
Imperial Age
RankedLock teamsTeams togetherTeam positionsShared explorationLock speedFull tech treeHidden civsTurbo modeCheats
Victory
Defeat
🇫🇷 Spanish · France
991
+16
🇮🇳 Franks · India
956
+18
🇪🇪 Ethiopians · Estonia
944
+18
🇨🇳 Franks · China
1092
-21
🇨🇳 Huns · China
1062
-20
🇨🇳 Varangians · China
829
-11
Black Wolf
13:12 Feudal Age
17:03 Castle Age
15:06 Loom
16:38 Double-Bit Axe
19:37 Bow Saw
21:45 Wheelbarrow
22:38 Gold Mining
22:42 Stone Mining
24:14 Hand Cart
24:44 Town Watch
28:07 Gold Shaft Mining
27:54 Caravan
34:33 Imperial Age
32:08 Town Patrol
34:49 Scale Barding Armor
34:54 Forging
34:35 Fletching
34:45 Padded Archer Armor
35:02 Husbandry
35:24 Ballistics
35:17 Fortified Wall
36:15 Conscription
35:35 Cavalier
37:42 Chemistry
36:48 Siege Engineers
36:51 Paladin
36:57 Elite Skirmisher
38:17 Iron Casting
37:37 Bodkin Arrow
38:40 Leather Archer Armor
38:46 Chain Barding Armor
40:32 Chivalry
42:48 Plate Barding Armor
45:55 Blast Furnace
48:48 Hoardings
49:03 Murder Holes
tiboper1
0:29 Loom
11:08 Feudal Age
12:09 Horse Collar
19:18 Castle Age
32:59 Gold Mining
33:17 Heavy Plow
36:56 Wheelbarrow
36:07 Town Watch
36:21 Double-Bit Axe
36:29 Stone Mining
36:37 Fletching
36:48 Padded Archer Armor
36:59 Forging
36:50 Scale Mail Armor
36:56 Scale Barding Armor
37:06 Bloodlines
37:17 Fortified Wall
37:18 Masonry
37:04 Murder Holes
37:30 Ballistics
38:09 Hand Cart
40:54 Iron Casting
40:34 Chain Mail Armor
40:40 Chain Barding Armor
40:36 Leather Archer Armor
40:16 Bodkin Arrow
43:52 Imperial Age
41:28 Town Patrol
41:42 Husbandry
44:11 Thumb Ring
44:57 Conscription
44:06 Cavalier
46:04 Chemistry
45:35 Architecture
45:44 Plate Barding Armor
45:28 Bow Saw
46:00 Stone Shaft Mining
46:29 Paladin
48:55 Caravan
57:17 Bracer
57:48 Ring Archer Armor
58:19 Blast Furnace
57:49 Plate Mail Armor
martin108
13:01 Feudal Age
13:10 Loom
13:33 Double-Bit Axe
14:41 Horse Collar
16:28 Wheelbarrow
20:54 Castle Age
20:29 Gold Mining
23:30 Stone Mining
28:55 Imperial Age
27:53 Fortified Wall
28:46 Town Watch
31:24 Chemistry
30:45 Ballistics
30:30 Scale Mail Armor
31:23 Caravan
33:10 Forging
33:15 Chain Mail Armor
32:51 Fletching
34:54 Gold Shaft Mining
34:33 Bow Saw
34:37 Heavy Plow
34:58 Squires
34:44 Arson
35:39 Padded Archer Armor
36:33 Thumb Ring
35:48 Crossbowman
36:21 Halberdier
37:30 Masonry
36:50 Crossbowman
37:54 Elite Skirmisher
39:53 Conscription
40:50 Bodkin Arrow
41:27 Arbalester
43:47 Royal Heirs
43:07 Elite Shotel Warrior
46:26 Torsion Engines
46:47 Bracer
47:02 Leather Archer Armor
47:23 Iron Casting
47:18 Plate Mail Armor
48:39 Sappers
50:32 Onager
59:20 Siege Onager
60:44 Murder Holes
63:58 Two-Man Saw
66:27 Architecture
恶魔
10:50 Feudal Age
10:57 Loom
14:30 Castle Age
12:25 Double-Bit Axe
15:20 Wheelbarrow
18:16 Bow Saw
21:43 Stone Mining
23:02 Gold Mining
24:36 Hand Cart
28:19 Husbandry
30:18 Gold Shaft Mining
30:07 Treadmill Crane
31:37 Caravan
34:54 Imperial Age
32:05 Ordonnance Companies
35:34 Forging
35:25 Scale Mail Armor
35:30 Scale Barding Armor
35:16 Fletching
35:26 Padded Archer Armor
35:58 Conscription
35:40 Chivalry
36:17 Hoardings
35:56 Masonry
36:50 Chemistry
36:03 Fortified Wall
35:44 Arrowslits
36:27 Ballistics
35:29 Heavy Mounted Crossbowman
35:32 Cavalier
35:33 Cranequins
36:53 Iron Casting
38:16 Murder Holes
38:27 Siege Engineers
38:53 Architecture
38:02 Elite Throwing Axeman
38:24 Paladin
45:09 Blast Furnace
45:34 Chain Barding Armor
46:14 Blast Furnace
46:56 Plate Barding Armor
60:22 Light Cavalry
YFY大人
1:06 Loom
10:57 Feudal Age
12:39 Double-Bit Axe
14:14 Wheelbarrow
13:25 Horse Collar
19:04 Castle Age
19:08 Gold Mining
19:11 Stone Mining
20:12 Hand Cart
20:00 Heavy Plow
20:12 Bow Saw
23:13 Stone Shaft Mining
30:45 Treadmill Crane
31:07 Murder Holes
31:32 Ballistics
31:23 Masonry
34:18 Imperial Age
35:42 Crop Rotation
35:31 Forging
35:27 Scale Barding Armor
35:10 Gothikon
35:10 Vendel Legacy
36:14 Conscription
37:01 Cavalier
37:52 Bloodlines
37:45 Husbandry
40:37 Elite Jarl
43:06 Chain Barding Armor
43:22 Iron Casting
42:48 Scale Mail Armor
45:00 Plate Barding Armor
44:20 Elite Varangian Guard
45:03 Squires
44:49 Arson
49:45 Blast Furnace
49:01 Chain Mail Armor
57:56 Guilds
大皮鞭
10:48 Feudal Age
9:06 Loom
13:00 Double-Bit Axe
18:15 Castle Age
16:45 Horse Collar
20:28 Bow Saw
21:51 Wheelbarrow
21:30 Heavy Plow
24:27 Hand Cart
24:59 Masonry
27:52 Fletching
27:52 Town Watch
28:12 Padded Archer Armor
30:22 Ballistics
33:38 Imperial Age
31:14 Bodkin Arrow
31:36 Leather Archer Armor
31:55 Caravan
32:40 Town Patrol
33:09 Stone Mining
33:10 Gold Mining
35:48 Chemistry
35:25 Gold Shaft Mining
36:06 Two-Man Saw
34:35 Heavy Cavalry Archer
35:42 Parthian Tactics
36:29 Bracer
36:37 Scale Barding Armor
36:42 Forging
37:59 Atheism
38:03 Conscription
39:26 Elite Tarkan
42:48 Guilds
43:32 Iron Casting
43:17 Chain Barding Armor
45:17 Blast Furnace
44:17 Scale Mail Armor
45:44 Coinage
45:58 Plate Barding Armor
48:01 Banking
Connection lost

Rejoining the realm…

Still unreachable

The connection could not be restored.

Session expired

The server has moved on; the page needs a fresh start.